 Dungeon Crawl Stone Soup version 0.30-a0-965-g42e074c17a (webtiles) character file.

Game seed: 9276115029279360256

11920 jasper the Martial Artist (level 11, 0/95 HPs)
             Began as a Black Draconian Earth Elementalist on Mar 30, 2023.
             Slain by a killer bee (3 damage)
             ... on level 11 of the Dungeon.
             The game lasted 00:16:14 (12638 turns).

jasper the Martial Artist (DrEE)                   Turns: 12638, Time: 00:16:15

Health: 0/95       AC: 11    Str: 16    XL:     11   Next: 55%
Magic:  21/24      EV: 15    Int: 20    God:
Gold:   1207       SH:  0    Dex: 12    Spells: 3/16 levels left

rFire   . . .      SeeInvis .      - Unarmed
rCold   . . .      Faith    .    (shield currently unavailable)
rNeg    . . .      Spirit   .    (body armour unavailable)
rPois   .          Reflect  .    i - +2 hat
rElec   +          Rampage  .    d - +0 cloak
rCorr   .                        h - melded +0 pair of gloves
Will    .....                    q - +0 pair of boots
Stlth   ++                       (no amulet)
HPRegen 0.35/turn                e - +6 ring of strength
MPRegen 0.19/turn                u - ring "Itentir" {+Blink MP+9}

@: lethally poisoned (0 -> -4), blade hands (expiring)
A: breathe lightning, AC +7, unfitting armour, electricity resistance,
cold-blooded
a: Breathe Lightning, End Transformation, Evoke Blink


You were on level 11 of the Dungeon.
You had blades for hands.
You visited 1 branch of the dungeon, and saw 11 of its levels.

You collected 1387 gold pieces.
You spent 180 gold pieces at shops.

Inventory:

Hand Weapons
 c - a +1 dagger
Missiles
 H - 4 curare-tipped darts
Armour
 d - a +0 cloak (worn)
 h - a +0 pair of gloves (melded)
 i - a +2 hat (worn)
 l - a +0 kite shield
 q - a +0 pair of boots (worn)
 M - a scarf of harm
Magical Staves
 j - a staff of air
Jewellery
 e - a +6 ring of strength (left blade hand)
 u - the ring "Itentir" (right blade hand) {+Blink MP+9}
   (You found it on level 5 of the Dungeon)

   [ring of magical power]

   MP:        It affects your magic capacity (+9).
   +Blink:    It lets you blink.
 F - a ring of flight
Wands
 m - a wand of charming (14)
 y - a wand of digging (8)
 z - a wand of acid (5)
 E - a wand of flame (25)
 G - a wand of polymorph (7)
Scrolls
 g - 5 scrolls of identify
 n - a scroll of poison
 o - 7 scrolls of teleportation
 s - a scroll of immolation
 t - 3 scrolls of torment
 x - 2 scrolls of amnesia
 A - 2 scrolls of fog
 C - 3 scrolls of blinking
 D - 5 scrolls of magic mapping
 L - a scroll of enchant armour
Potions
 a - a potion of magic
 b - a potion of lignification
 f - 6 potions of curing
 k - a potion of mutation
 p - a potion of attraction
 r - 9 potions of ambrosia
 v - 2 potions of invisibility
 w - a potion of brilliance
 B - 3 potions of berserk rage {unknown}
 I - a potion of degeneration {unknown}
 J - a potion of heal wounds
 K - a potion of haste {unknown}


   Skills:
 + Level 8.7 Fighting
 + Level 7.6 Dodging
 - Level 1.7 Stealth
 * Level 10.8 Unarmed Combat
 - Level 3.0 Spellcasting
 - Level 3.0 Conjurations
 - Level 0.2 Translocations
 * Level 8.2 Transmutations
 - Level 4.1 Earth Magic


You had 3 spell levels left.
You knew the following spells:

 Your Spells              Type           Power      Damage    Failure   Level
a - Sandblast             Erth           38%        2d10      24%         1
b - Passwall              Tmut/Erth      22%        N/A       19%         2
c - Blade Hands           Tmut           18%        N/A       52%         5
d - Blink                 Tloc           6%         N/A       63%         2
e - Swiftness             Air            3%         N/A       80%         3

Your spell library contained the following spells:

 Spells                   Type           Power      Damage    Failure   Level
 Stone Arrow              Conj/Erth      34%        3d9       45%         3
 Static Discharge         Conj/Air       18%        2-3/arc   50%         2
 Cigotuvi's Dreadful Rot  Necr/Pois/Air  6%         N/A       65%         2
 Poisonous Vapours        Pois/Air       6%         N/A       65%         2
 Mephitic Cloud           Conj/Pois/Air  7%         N/A       71%         3
 Inner Flame              Hex/Fire       3%         N/A       80%         3
 Portal Projectile        Hex/Tloc       6%         N/A       80%         3
 Tukima's Dance           Hex            3%         N/A       80%         3
 Petrify                  Tmut/Erth      27%        N/A       47%         4
 Flame Wave               Conj/Fire      9%         2d6       91%         4
 Sticky Flame             Conj/Fire      9%         2d3       91%         4
 Iskenderun's Battlesphe  Conj           15%        2d7       97%         5
 Cause Fear               Hex            1%         N/A       98%         4
 Manifold Assault         Tloc           3%         N/A       98%         4
 Freezing Cloud           Conj/Ice/Air   3%         6-21      99%         5
 Summon Forest            Summ/Tloc      1%         N/A       100%        5
 Eringya's Noxious Bog    Tmut/Pois      9%         N/A       100%        6
 Iron Shot                Conj/Erth      8%         9d3       100%        6
 Spellforged Servitor     Conj/Summ      4%         N/A       100%        7
 Storm Form               Tmut/Air       9%         N/A       100%        7
 Summon Hydra             Summ           1%         N/A       100%        7
 Discord                  Hex            1%         N/A       100%        8
 Animate Armour           Summ/Erth      Unusable   N/A       N/A         4

Dungeon Overview and Level Annotations

Branches:
Dungeon (11/15)              Lair (0/5) D:10            Orc (0/2) D:9
 Temple: D:4-7

Altars:
Ashenzari
Makhleb
Uskayaw
Xom
Yredelemnul

Shops:
D:8 ?

Annotations:
D:6 1 exclusion


Innate Abilities, Weirdness & Mutations

You have blades for hands.
Your spellcasting is less reliable in this form.
You are incapable of wielding weapons or throwing items.
You can breathe wild blasts of lightning.
Your glossy black scales are hard. (AC +7)
You cannot fit into any form of body armour.
You are resistant to electric shocks. (rElec)
You are cold-blooded and may be slowed by cold attacks.


Message History

You take 6 damage, and have 67/95 hp.
You barely miss the meliai.
You feel very sick. The meliai misses you.
The meliai stings you but does no damage.
The meliai hits you with a +0 broad axe!
The meliai barely misses you.
You take 15 damage, and have 52/95 hp.
You hit the meliai.
The meliai is moderately wounded.
You feel sick. The meliai misses you. The meliai stings you.
You take 5 damage, and have 47/95 hp.
You closely miss the meliai. You slash the meliai!
The meliai is almost dead.
Your transformation is almost over.
You feel very sick. The meliai hits you but does no damage.
The meliai barely misses you. The meliai closely misses you.
The meliai misses you.
You take 3 damage, and have 44/95 hp.
You barely miss the meliai.
Your tail-slap misses the meliai.
The meliai is almost dead.
You feel sick.
The meliai hits you with a +0 broad axe!
The meliai stings you!
* * * LOW HITPOINT WARNING * * *
You take 17 damage, and have 27/95 hp.
You barely miss the meliai.
The meliai is almost dead.
You feel sick.
The meliai hits you with a +0 broad axe!
* * * LOW HITPOINT WARNING * * *
The meliai closely misses you.
The meliai invokes the aid of its god against you.
Something smites you!
* * * LOW HITPOINT WARNING * * *
You hit the meliai.
You kill the meliai!
* * * LOW HITPOINT WARNING * * *
You feel sick. The killer bee stings you.
You die...

#.###.....###..##
##.## #.#.#.#
#### ## ###
#.###.# #.#
#.###.###.# .. ##
#.....)...# ....#
#####.##### .#..#
#.##### ### ....#
#....>###.##y..#
#####.##...@#
#####.#.....#
#.....#.....#
#.###.#.....# #.#
#.#....## #.#
#...#.## #.#
##..### #.####..#
#.......###


You could see a killer bee.

Vanquished Creatures
  2 two-headed ogres
  A wizard (D:10)
  Maggie (D:7)
  An efreet (D:9)
  A meliai (D:11)
  A queen bee (D:9)
  2 trolls (D:10)
  A hornet (D:7)
  A blink frog (shapeshifter) (D:8)
  4 wyverns
  2 shadows
  14 yaks
  2 wraiths (D:10)
  A steam dragon (D:9)
  Menkaure (D:5)
  2 water moccasins (D:10)
  3 orc warriors
  3 sky beasts (D:7)
  6 black bears
  An ogre (D:6)
  5 centaurs
  A phantom (D:5)
  A kobold brigand (D:6)
  3 bullfrogs
  4 scorpions
  8 wights
  28 killer bees
  11 howler monkeys
  A crimson imp (D:10)
  3 hounds
  2 jellies
  6 orc priests
  A sleepcap (D:5)
  3 iguanas
  8 orc wizards
  7 gnolls
  6 adders
  A white imp (D:5)
  3 worms
  2 dart slugs
  36 orcs
  3 ball pythons
  3 bats
  10 endoplasms
  4 giant cockroaches
  2 goblins
  4 hobgoblins
  2 jackals (D:1)
  10 kobolds
  5 quokkas
  2 frilled lizards
  4 rats
239 creatures vanquished.

Vanquished Creatures (others)
  2 fungi (D:10)
  27 plants
29 creatures vanquished.

Grand Total: 268 creatures vanquished

Notes
Turn   | Place    | Note
-------+----------+-------------------------------------------
     0 | D:1      | jasper the Draconian Earth Elementalist began the quest for
                  | the Orb.
     0 | D:1      | Reached XP level 1. HP: 14/14 MP: 3/3
   368 | D:1      | Reached XP level 2. HP: 22/22 MP: 0/5
   371 | D:1      | Learned a level 2 spell: Passwall
   474 | D:1      | Found a faded altar of an unknown god.
   885 | D:1      | Reached skill level 1 in Fighting
  1228 | D:2      | Noticed a scorpion
  1241 | D:2      | Killed a scorpion
  1242 | D:2      | Reached XP level 3. HP: 16/29 MP: 1/6
  1242 | D:2      | Reached XP level 4. HP: 21/36 MP: 1/7
  1338 | D:2      | Learned a level 3 spell: Stone Arrow
  1341 | D:2      | Learned a level 2 spell: Blink
  1853 | D:2      | Reached XP level 5. HP: 26/41 MP: 3/9
  2089 | D:2      | Identified a scroll of acquirement
  2089 | D:2      | Acquired 807 gold pieces
  2877 | D:3      | Reached skill level 1 in Conjurations
  3475 | D:4      | Reached XP level 6. HP: 43/49 MP: 3/10
  4427 | D:5      | Entered Level 5 of the Dungeon
  4447 | D:5      | Noticed Menkaure
  4452 | D:5      | Killed Menkaure
  4453 | D:5      | Reached skill level 5 in Earth Magic
  4677 | D:5      | Reached skill level 1 in Unarmed Combat
  4854 | D:5      | Your scales start taking on a glossy black colour.
  4854 | D:5      | Reached XP level 7. HP: 56/56 MP: 7/11
  4854 | D:5      | Gained mutation: You are resistant to electric shocks.
                  | (rElec) [Black Draconian growth]
  5041 | D:5      | Found a broken altar of Ashenzari.
  5060 | D:5      | Identified the ring "Itentir" {+Blink MP+9}
  5159 | D:5      | Reached skill level 2 in Unarmed Combat
  5374 | D:5      | Reached skill level 3 in Unarmed Combat
  5595 | D:6      | Reached skill level 4 in Unarmed Combat
  5711 | D:6      | Reached XP level 8. HP: 53/66 MP: 12/12
  6497 | D:7      | Reached skill level 5 in Unarmed Combat
  6649 | D:7      | Reached skill level 5 in Fighting
  6716 | D:7      | Noticed Maggie
  6731 | D:7      | Killed Maggie
  6732 | D:7      | Reached skill level 5 in Dodging
  6732 | D:7      | Reached skill level 6 in Unarmed Combat
  6847 | D:7      | Got the Precepts of Stormy Guile
  6857 | D:8      | Noticed a hornet
  6876 | D:7      | Reached XP level 9. HP: 58/75 MP: 13/13
  6906 | D:7      | Reached skill level 7 in Unarmed Combat
  6928 | D:7      | Learned a level 5 spell: Blade Hands
  7378 | D:7      | Identified the +3 leather armour of Fedhas's Approval
                  | {rN++}
  7385 | D:8      | Paralysed by a hornet for 1 turns
  7669 | D:8      | Noticed a two-headed ogre
  7679 | D:8      | Killed a two-headed ogre
  7680 | D:8      | Reached skill level 8 in Unarmed Combat
  8183 | D:8      | Found Ofoubin's Magic Scroll Shop.
  8205 | D:8      | Bought a scroll of blinking for 90 gold pieces
  8205 | D:8      | Bought a scroll of magic mapping for 90 gold pieces
  8209 | D:8      | Learned a level 3 spell: Swiftness
  8501 | D:8      | Reached XP level 10. HP: 72/84 MP: 14/14
  8807 | D:9      | Reached skill level 9 in Unarmed Combat
  8807 | D:9      | Reached skill level 5 in Transmutations
  9176 | D:9      | Noticed a two-headed ogre
  9181 | D:9      | Killed a two-headed ogre
  9335 | D:9      | Found a staircase to the Orcish Mines.
 10586 | D:10     | Entered Level 10 of the Dungeon
 10604 | D:9      | Reached XP level 11. HP: 84/94 MP: 15/15
 10616 | D:9      | Reached skill level 10 in Unarmed Combat
 11202 | D:10     | Found a staircase to the Lair.
 11286 | D:10     | Noticed a wizard
 11304 | D:10     | Killed a wizard
 11465 | D:10     | Found a burning altar of Makhleb.
 11466 | D:10     | Found a shimmering altar of Xom.
 11610 | D:10     | Found a basalt altar of Yredelemnul.
 11610 | D:10     | Found a hide-covered altar of Uskayaw.
 12638 | D:11     | HP: 3/95 [poisoned by a meliai]
 12638 | D:11     | Slain by a killer bee

Illustrated notes

Levels and vault maps discovered:
D:1:      denvon_arrival_planthouse, layout_basic,
          shapermc_ecumenical_altar_mp_ritualfount, nicolae_eternal_life
D:2:      layout_loops_ring
D:3:      layout_loops_corners
D:4:      layout_basic, minmay_misc_feat_doors,
          hangedman_abyss_or_decor_jellyfish_corner
D:5:      layout_basic, lemuel_round_altar, uniq_menkaure
D:6:      layout_loops_cross, tgw_sif
D:7:      layout_rooms, minmay_temple_entry_from_below_b, kennysheep_diamond,
          uniq_maggie
D:8:      layout_loops_ring, serial_shops, nicolae_shop_statue_plus
D:9:      layout_roguey [special_room_bee], orc_0_dummy
D:10:     layout_small_grid, grunt_temple_overflow_champion_of_chaos,
          chequers_temple_overflow_statue_of_worship, minmay_lair_entry_grove,
          minmay_librarian
D:11:     regret_index_combs_of_tragedy, layout_loops_corners, uniq_amaemon,
          uniq_nergalle, uniq_grum

Skill      XL: |  1  2  3  4  5  6  7  8  9 10 11 |
---------------+----------------------------------+-----
Dodging        | 2 3 4 5 6 7 |  7.6
Fighting       | 1 2 4 5 6 8 |  8.7
Earth Magic    | 4 4 |  4.1
Conjurations   | 1 3 |  3.0
Spellcasting   | 3 |  3.0
Unarmed Combat | 1 4 6 8 9 10 | 10.8
Transmutations | 4 6 8 |  8.2
Stealth        | |  1.7
Translocations | |  0.2

Action                     |  1- 3 |  4- 6 |  7- 9 | 10-12 || total
---------------------------+-------+-------+-------+-------++-------
  Melee: Unarmed           |     2 |     1 |   176 |   237 ||   416
         Tailslap          |       |       |    28 |    40 ||    68
         Punch             |       |       |     4 |    17 ||    21
   Cast: Sandblast         |    33 |    97 |    93 |     1 ||   224
         Blade Hands       |       |       |       |    14 ||    14
Ability: Breathe Lightning |       |       |     9 |    13 ||    22
  Evoke: Wand              |       |       |     1 |       ||     1
    Use: Scroll            |     2 |     8 |    11 |     2 ||    23
         Potion            |     1 |       |     3 |       ||     4
   Stab: Sleeping          |       |       |     1 |       ||     1
 Armour: Skin              |     7 |     5 |   110 |    60 ||   182
  Dodge: Dodged            |     9 |    16 |   169 |   146 ||   340

Table legend: (Time is in decaauts)
 A = Elapsed time spent in this place.
 B = Non-inter-level travel time spent in this place.
 C = Inter-level travel time spent in this place.
 D = Time resting spent in this place.
 E = Time spent auto-exploring this place.
 F = Levels seen in this place.
 G = Mean time per level.
                   A        B        C        D        E       F      G
               +--------+--------+--------+--------+--------+-----+--------+
         Total |  12691 |  12107 |    584 |    989 |   9332 |  11 | 1153.7 |
       Dungeon |  12691 |  12107 |    584 |    989 |   9332 |  11 | 1153.7 |
               +--------+--------+--------+--------+--------+-----+--------+

Top non-repeatable levels by time:
     D:9: 2034 daAuts
    D:10: 1432 daAuts
     D:4: 1293 daAuts
     D:5: 1195 daAuts
     D:1: 1173 daAuts
     D:7: 1101 daAuts
     D:8: 1091 daAuts
     D:3: 1081 daAuts
     D:2: 1067 daAuts
     D:6: 1013 daAuts
    D:11: 208 daAuts
